Workbook

Sheet BDI 2 
A1: PREFEITURA MUNICIPAL DE CAMBUÍ ESTADO DE MINAS GERAIS GESTÃO 2025 / 2028
A2: BDI (CONFORME ACÓRDÃO Nº 2622 / 13 e LEI Nº13.161 DE 31/08/15
A3: OBRA: | D3: ='P.O.'!D3 -> Pavimentação de vias públicas vicinais e urbanas.
A4: LOCAL: | D4: ='P.O.'!D4 -> Várias Localidades do Município de Cambuí - MG.
A5: ÁREA DE PAVIMENTAÇÃO: | D5: ='P.O.'!D5 -> 13487,10 m²
A7: TIPO DE SERVIÇO | C7: OBRA RODOVIÁRIA
A8: ISS | C8: 0.03
C14: CUSTO DIRETO | D14: CD | E14: 1 | H14: ¹ - QUANTO AO ISS O TCU ORIENTA OBSERVAR A LEGISLAÇÃO DO MUNICÍPIO. NO REFERIDO ACÓRDÃO O TCU PARTIU DA PREMISSA DE INCIDÊNCIA DO ISS EM 50% DO PREÇO DE VENDA, COM PERCENTUAIS DE 2%, 3%, 4% E 5%.
C15: ADMINISTRAÇÃO CENTRAL | D15: AC | E15: 0.0467
C16: LUCRO BRUTO | D16: L | E16: 0.0753
C17: DESPESAS FINANCEIRAS | D17: DF | E17: 0.0105
C18: SEGUROS GARANTIAS E RISCOS | E18: 0.0171
C19: SEGUROS + GARANTIAS | D19: S | E19: 0.0074
C20: RISCO | D20: R | E20: 0.0097
C21: TRIBUTOS | D21: I | E21: 0.0575
C22: ISS | D22: ISS ¹ | E22: 0.021
C23: PIS | D23: PIS | E23: 0.0065
C24: COFINS | D24: - | E24: 0.03
C25: CPRB (FOLHA DESONERADA) | D25: INSS
C27: BDI | E27: =((1+(E15+E19+E20))*(1+E17)*(1+E16)/(1-E21))-1 -> 0.22643515
D33: Mateus Pedro da Silva
D34: Engenheiro Civil

Sheet COMPOSIÇÕES UNITÁRIAS
A2: PREFEITURA MUNICIPAL DE CAMBUÍ ESTADO DE MINAS GERAIS GESTÃO 2025 / 2028
A3: COMPOSIÇÕES DE CUSTO UNITÁRIO
A4: OBRA: | D4: ='P.O.'!D3 -> Pavimentação de vias públicas vicinais e urbanas.
A5: LOCAL: | D5: ='P.O.'!D4 -> Várias Localidades do Município de Cambuí - MG.
A6: ÁREA DE PAVIMENTAÇÃO: | D6: ='P.O.'!D5 -> 13487,10 m²
A7: SINAPI | C7: 46023
A8: SICRO | C8: 45931 | E8: NÃO SE APLICA | I8: BDI 1
A9: SEINFRA | C9: 46053 | J9: =J8+1 -> 1
E10: OBRA RODOVIÁRIA | I10: BDI 2 | J10: 0.2264
J11: =J10+1 -> 1.2264
A12: Preços sem desoneração
B13: FONTE | C13: CÓDIGO | D13: DESCRIÇÃO | E13: UNIDADE | F13: VALOR UNITÁRIO | G13: COEFICIENTE | J13: VALOR TOTAL
B15: PRÓPRIA | C15: CPU 001 | D15: ADMINISTRAÇÃO LOCAL | E15: MÊS | J15: =J16 -> 3964.01
B16: SINAPI | C16: 90778 | D16: ENGENHEIRO CIVIL DE OBRA PLENO COM ENCARGOS COMPLEMENTARES | E16: H | F16: 136.69 | G16: 29 | J16: =ROUND(F16*G16,2) -> 3964.01
B18: PRÓPRIA | C18: CPU 002 | D18: LOCAÇÃO DE PAVIMENTAÇÃO | E18: M | J18: =ROUND(SUM(J19:J22),2) -> 1.55
B19: SINAPI | C19: 90781 | D19: TOPOGRAFO COM ENCARGOS COMPLEMENTARES | E19: H | F19: 47.7 | G19: 0.0176 | J19: =ROUND(F19*G19,2) -> 0.84
B20: SINAPI | C20: 88253 | D20: AUXILIAR DE TOPÓGRAFO COM ENCARGOS COMPLEMENTARES | E20: H | F20: 24.64 | G20: 0.0176 | J20: =ROUND(F20*G20,2) -> 0.43
B21: SINAPI - MATERIAL | C21: 32 | D21: ACO CA-50, 6,3 MM, VERGALHAO | E21: KG | F21: 7.71 | G21: 0.0037 | J21: =ROUND(F21*G21,2) -> 0.03
B22: SEINFRA | C22: EQED-31360 | D22: RECEPTOR GNSS (PRECISÃO ESTÁTICO H/V: 3MM/5MM|PRECISÃO RTK H/V: 8MM/15MM|TRIPÉ E BALIZA: INCLUSOS|COLETORA E RECEPTORES: INCLUSOS| OPERADOR: NÃO INCLUSO) | E22: H | F22: 13.9543 | G22: 0.0176 | J22: =ROUND(F22*G22,2) -> 0.25
B24: PRÓPRIA | C24: CPU 003 | D24: ASSENTAMENTO DE GUIA (MEIO-FIO) EM TRECHO RETO, CONFECCIONADA EM CONCRETO PRÉ-FABRICADO, DIMENSÕES 80X10X10X30 CM (COMPRIMENTO X BASE INFERIOR X BASE SUPERIOR X ALTURA). | E24: M | J24: =SUM(J25:J29) -> 59.88
B25: SINAPI | C25: 88629 | D25: ARGAMASSA TRAÇO 1:3 (EM VOLUME DE CIMENTO E AREIA MÉDIA ÚMIDA), PREPARO MANUAL. AF_08/2019 | E25: M3 | F25: 757.45 | G25: 0.0011 | J25: =ROUND(F25*G25,2) -> 0.83
B26: SINAPI | C26: 88316 | D26: SERVENTE COM ENCARGOS COMPLEMENTARES | E26: H | F26: 23.58 | G26: 0.2027 | J26: =ROUND(F26*G26,2) -> 4.78
B27: SINAPI | C27: 88309 | D27: PEDREIRO COM ENCARGOS COMPLEMENTARES | E27: H | F27: 31.67 | G27: 0.2027 | J27: =ROUND(F27*G27,2) -> 6.42
B28: SINAPI - MATERIAL | C28: 41683 | D28: MEIO-FIO OU GUIA DE CONCRETO PRE MOLDADO, COMP 80 CM, *30 X 10/10* (H X L1/L2) | E28: UN | F28: 37.19 | G28: 1.2563 | J28: =ROUND(F28*G28,2) -> 46.72
B29: SINAPI - MATERIAL | C29: 370 | D29: AREIA MEDIA - POSTO JAZIDA/FORNECEDOR (RETIRADO NA JAZIDA, SEM TRANSPORTE) | E29: M3 | F29: 171.5 | G29: 0.0066 | J29: =ROUND(F29*G29,2) -> 1.13
B31: PRÓPRIA | C31: CPU 005 | D31: PINTURA DE SINALIZAÇÃO VIÁRIA | E31: M | J31: =SUM(J32:J37) -> 3.5
B32: SINAPI - MATERIAL | C32: 5318 | D32: DILUENTE AGUARRAS | E32: L | F32: 27.98 | G32: 0.002 | J32: =ROUND(F32*G32,2) -> 0.06
B33: SINAPI - MATERIAL | C33: 7343 | D33: TINTA ACRILICA A BASE DE SOLVENTE, PARA SINALIZACAO HORIZONTAL VIARIA (NBR 11862) | E33: L | F33: 39.11 | G33: 0.043 | J33: =ROUND(F33*G33,2) -> 1.68
B34: SINAPI - MATERIAL | C34: 44477 | D34: MICROESFERAS DE VIDRO PARA SINALIZACAO HORIZONTAL VIARIA, TIPO II-A (DROP-ON) - NBR 16184 | E34: KG | F34: 8.66 | G34: 0.025 | J34: =ROUND(F34*G34,2) -> 0.22
B35: SINAPI - MATERIAL | C35: 44478 | D35: MICROESFERAS DE VIDRO PARA SINALIZACAO HORIZONTAL VIARIA, TIPO I-B (PREMIX) - NBR 16184 | E35: KG | F35: 8.66 | G35: 0.011 | J35: =ROUND(F35*G35,2) -> 0.1
B36: SINAPI | C36: 88310 | D36: PINTOR COM ENCARGOS COMPLEMENTARES | E36: H | F36: 32.86 | G36: 0.034 | J36: =ROUND(F36*G36,2) -> 1.12
B37: SINAPI | C37: 88316 | D37: SERVENTE COM ENCARGOS COMPLEMENTARES | E37: H | F37: 22.64 | G37: 0.014 | J37: =ROUND(F37*G37,2) -> 0.32
D41: Mateus Pedro da Silva
D42: Engenheiro Civil

Sheet P.O.
A1: PREFEITURA MUNICIPAL DE CAMBUÍ ESTADO DE MINAS GERAIS GESTÃO 2025 / 2028
A2: PLANILHA ORÇAMENTÁRIA
A3: OBRA: | D3: Pavimentação de vias públicas vicinais e urbanas.
A4: LOCAL: | D4: Várias Localidades do Município de Cambuí - MG.
A5: ÁREA DE PAVIMENTAÇÃO: | D5: 13487,10 m²
A6: SINAPI | C6: 46023 | E6: NÃO SE APLICA | I6: BDI 1 | J6: 0
A7: SICRO | C7: 45931 | J7: =J6+1 -> 1
A8: SEINFRA | C8: 45931 | E8: OBRA RODOVIÁRIA | I8: BDI 2 | J8: 0.2264
J9: =J8+1 -> 1.2264
E10: VALOR TOTAL DA OBRA: | I10: =ROUND((SUM(K:K)),2) -> 1941385.8
A11: Preços sem desoneração
A12: ITEM | B12: FONTE | C12: CÓDIGO | D12: DESCRIÇÃO DO ITEM | E12: UNIDADE | F12: PREÇO REFERÊNCIA | G12: QUANTIDADE | H12: BDI | I12: PREÇO UNITÁRIO | J12: PREÇO TOTAL | K12: Subtotais dos Eventos:
A14: 1 | D14: SERVIÇOS PRELIMINARES | K14: =ROUND(SUM(J15:J16),2) -> 953.73
A15: 1.1 | B15: SINAPI COMPOSIÇÕES | C15: 103689 | D15: FORNECIMENTO E INSTALAÇÃO DE PLACA DE OBRA COM CHAPA GALVANIZADA E ESTRUTURA DE MADEIRA. AF_03/2022_PS | E15: M2 | F15: 427.4 | G15: 0.96 | H15: =$J$8 -> 0.2264 | I15: =ROUND((F15*$J$9),2) -> 524.16 | J15: =ROUND((G15*I15),2) -> 503.19
A16: 1.2 | B16: SINAPI COMPOSIÇÕES | C16: 105042 | D16: PILAR DE MADEIRA ROLIÇA, EUCALIPTO OU EQUIVALENTE DA REGIÃO, FIXADO COM VERGALHÃO, DIÂMETRO DE 12 A 15 CM, APOIO ARTICULADO, COMPRIMENTO DE 3 M. AF_03/2024 | E16: M | F16: 61.23 | G16: 6 | H16: =$J$8 -> 0.2264 | I16: =ROUND((F16*$J$9),2) -> 75.09 | J16: =ROUND((G16*I16),2) -> 450.54
A18: 2 | D18: ADMINISTRAÇÃO LOCAL | K18: =ROUND(SUM(J19),2) -> 38891.68
A19: 2.1 | B19: PRÓPRIA | C19: CPU 001 | D19: ADMINISTRAÇÃO LOCAL | E19: MÊS | F19: 3964.01 | G19: 8 | H19: =$J$8 -> 0.2264 | I19: =ROUND((F19*$J$9),2) -> 4861.46 | J19: =ROUND((G19*I19),2) -> 38891.68
A21: 3 | D21: LOCAÇÃO DE OBRA TRECHO 01 (MORRO DO CRUZEIRO - T01) | K21: =ROUND(SUM(J22),2) -> 660.9
A22: 3.1 | B22: PRÓPRIA | C22: CPU002 | D22: LOCAÇÃO DE PAVIMENTAÇÃO | E22: M | F22: 1.55 | G22: 347.84 | H22: =$J$8 -> 0.2264 | I22: =ROUND((F22*$J$9),2) -> 1.9 | J22: =ROUND((G22*I22),2) -> 660.9
A24: 4 | D24: CALÇAMENTO TRECHO 01 (MORRO DO CRUZEIRO - T01) | K24: =ROUND(SUM(J25:J27),2) -> 127966.17
A25: 4.1 | B25: PRÓPRIA | C25: CPU 003 | D25: ASSENTAMENTO DE GUIA (MEIO-FIO) EM TRECHO RETO, CONFECCIONADA EM CONCRETO PRÉ-FABRICADO, DIMENSÕES 80X10X10X30 CM (COMPRIMENTO X BASE INFERIOR X BASE SUPERIOR X ALTURA). | E25: M | F25: 59.88 | G25: 347.84 | H25: =$J$8 -> 0.2264 | I25: =ROUND((F25*$J$9),2) -> 73.44 | J25: =ROUND((G25*I25),2) -> 25545.37
A26: 4.2 | B26: SINAPI COMPOSIÇÕES | C26: 92404 | D26: EXECUÇÃO DE PAVIMENTO EM PISO INTERTRAVADO, COM BLOCO 16 FACES DE 22 X 11 CM, ESPESSURA 8 CM. AF_10/2022 | E26: M2 | F26: 92.1 | G26: 862 | H26: =$J$8 -> 0.2264 | I26: =ROUND((F26*$J$9),2) -> 112.95 | J26: =ROUND((G26*I26),2) -> 97362.9
A27: 4.3 | B27: SINAPI | C27: 93588 | D27: TRANSPORTE COM CAMINHÃO BASCULANTE DE 10 M³, EM VIA URBANA EM LEITO NATURAL (UNIDADE: M3XKM). AF_07/2020 | E27: M3XKM | F27: 3.2 | G27: 1290.28 | H27: =$J$8 -> 0.2264 | I27: =ROUND((F27*$J$9),2) -> 3.92 | J27: =ROUND((G27*I27),2) -> 5057.9
A29: 5 | D29: LOCAÇÃO DE OBRA TRECHO 01 (MORRO DO CRUZEIRO - T02) | K29: =ROUND(SUM(J30),2) -> 1044.15
A30: 5.1 | B30: PRÓPRIA | C30: CPU002 | D30: LOCAÇÃO DE PAVIMENTAÇÃO | E30: M | F30: 1.55 | G30: 549.55 | H30: =$J$8 -> 0.2264 | I30: =ROUND((F30*$J$9),2) -> 1.9 | J30: =ROUND((G30*I30),2) -> 1044.15
A32: 6 | D32: CALÇAMENTO TRECHO 01 (MORRO DO CRUZEIRO - T02) | K32: =ROUND(SUM(J33:J35),2) -> 205944.2
A33: 6.1 | B33: PRÓPRIA | C33: CPU 003 | D33: ASSENTAMENTO DE GUIA (MEIO-FIO) EM TRECHO RETO, CONFECCIONADA EM CONCRETO PRÉ-FABRICADO, DIMENSÕES 80X10X10X30 CM (COMPRIMENTO X BASE INFERIOR X BASE SUPERIOR X ALTURA). | E33: M | F33: 59.88 | G33: 549.55 | H33: =$J$8 -> 0.2264 | I33: =ROUND((F33*$J$9),2) -> 73.44 | J33: =ROUND((G33*I33),2) -> 40358.95
A34: 6.2 | B34: SINAPI | C34: 92404 | D34: EXECUÇÃO DE PAVIMENTO EM PISO INTERTRAVADO, COM BLOCO 16 FACES DE 22 X 11 CM, ESPESSURA 8 CM. AF_10/2022 | E34: M2 | F34: 92.1 | G34: 1393.71 | H34: =$J$8 -> 0.2264 | I34: =ROUND((F34*$J$9),2) -> 112.95 | J34: =ROUND((G34*I34),2) -> 157419.54
A35: 6.3 | B35: SINAPI | C35: 93588 | D35: TRANSPORTE COM CAMINHÃO BASCULANTE DE 10 M³, EM VIA URBANA EM LEITO NATURAL (UNIDADE: M3XKM). AF_07/2020 | E35: M3XKM | F35: 3.2 | G35: 2083.09 | H35: =$J$8 -> 0.2264 | I35: =ROUND((F35*$J$9),2) -> 3.92 | J35: =ROUND((G35*I35),2) -> 8165.71
A37: 7 | D37: LOCAÇÃO DE OBRA TRECHO 02 (PRAÇA DO CRUZEIRO) | K37: =ROUND(SUM(J38),2) -> 192.45
A38: 7.1 | B38: PRÓPRIA | C38: CPU002 | D38: LOCAÇÃO DE PAVIMENTAÇÃO | E38: M | F38: 1.55 | G38: 101.29 | H38: =$J$8 -> 0.2264 | I38: =ROUND((F38*$J$9),2) -> 1.9 | J38: =ROUND((G38*I38),2) -> 192.45
A40: 8 | D40: CALÇAMENTO TRECHO 02 (PRAÇA DO CRUZEIRO) | K40: =ROUND(SUM(J41:J43),2) -> 41004.61
A41: 8.1 | B41: PRÓPRIA | C41: CPU 003 | D41: ASSENTAMENTO DE GUIA (MEIO-FIO) EM TRECHO RETO, CONFECCIONADA EM CONCRETO PRÉ-FABRICADO, DIMENSÕES 80X10X10X30 CM (COMPRIMENTO X BASE INFERIOR X BASE SUPERIOR X ALTURA). | E41: M | F41: 59.88 | G41: 101.29 | H41: =$J$8 -> 0.2264 | I41: =ROUND((F41*$J$9),2) -> 73.44 | J41: =ROUND((G41*I41),2) -> 7438.74
A42: 8.2 | B42: SINAPI | C42: 92404 | D42: EXECUÇÃO DE PAVIMENTO EM PISO INTERTRAVADO, COM BLOCO 16 FACES DE 22 X 11 CM, ESPESSURA 8 CM. AF_10/2022 | E42: M2 | F42: 92.1 | G42: 282.6 | H42: =$J$8 -> 0.2264 | I42: =ROUND((F42*$J$9),2) -> 112.95 | J42: =ROUND((G42*I42),2) -> 31919.67
A43: 8.3 | B43: SINAPI | C43: 93588 | D43: TRANSPORTE COM CAMINHÃO BASCULANTE DE 10 M³, EM VIA URBANA EM LEITO NATURAL (UNIDADE: M3XKM). AF_07/2020 | E43: M3XKM | F43: 3.2 | G43: 419.95 | H43: =$J$8 -> 0.2264 | I43: =ROUND((F43*$J$9),2) -> 3.92 | J43: =ROUND((G43*I43),2) -> 1646.2
A45: 9 | D45: LOCAÇÃO DE OBRA TRECHO 03 (BAIRRO CABRALZADA - T01) | K45: =ROUND(SUM(J46),2) -> 1069.7
A46: 9.1 | B46: PRÓPRIA | C46: CPU002 | D46: LOCAÇÃO DE PAVIMENTAÇÃO | E46: M | F46: 1.55 | G46: 563 | H46: =$J$8 -> 0.2264 | I46: =ROUND((F46*$J$9),2) -> 1.9 | J46: =ROUND((G46*I46),2) -> 1069.7
A48: 10 | D48: CALÇAMENTO TRECHO 03 (BAIRRO CABRALZADA - T01) | K48: =ROUND(SUM(J49:J51),2) -> 206186.59
A49: 10.1 | B49: PRÓPRIA | C49: CPU 003 | D49: ASSENTAMENTO DE GUIA (MEIO-FIO) EM TRECHO RETO, CONFECCIONADA EM CONCRETO PRÉ-FABRICADO, DIMENSÕES 80X10X10X30 CM (COMPRIMENTO X BASE INFERIOR X BASE SUPERIOR X ALTURA). | E49: M | F49: 59.88 | G49: 563 | H49: =$J$8 -> 0.2264 | I49: =ROUND((F49*$J$9),2) -> 73.44 | J49: =ROUND((G49*I49),2) -> 41346.72
A50: 10.2 | B50: SINAPI | C50: 92404 | D50: EXECUÇÃO DE PAVIMENTO EM PISO INTERTRAVADO, COM BLOCO 16 FACES DE 22 X 11 CM, ESPESSURA 8 CM. AF_10/2022 | E50: M2 | F50: 92.1 | G50: 1387.31 | H50: =$J$8 -> 0.2264 | I50: =ROUND((F50*$J$9),2) -> 112.95 | J50: =ROUND((G50*I50),2) -> 156696.66
A51: 10.3 | B51: SINAPI | C51: 93588 | D51: TRANSPORTE COM CAMINHÃO BASCULANTE DE 10 M³, EM VIA URBANA EM LEITO NATURAL (UNIDADE: M3XKM). AF_07/2020 | E51: M3XKM | F51: 3.2 | G51: 2077.35 | H51: =$J$8 -> 0.2264 | I51: =ROUND((F51*$J$9),2) -> 3.92 | J51: =ROUND((G51*I51),2) -> 8143.21
A53: 11 | D53: LOCAÇÃO DE OBRA TRECHO 03 (BAIRRO CABRALZADA - T02) | K53: =ROUND(SUM(J54),2) -> 1105.53
A54: 11.1 | B54: PRÓPRIA | C54: CPU002 | D54: LOCAÇÃO DE PAVIMENTAÇÃO | E54: M | F54: 1.55 | G54: 581.86 | H54: =$J$8 -> 0.2264 | I54: =ROUND((F54*$J$9),2) -> 1.9 | J54: =ROUND((G54*I54),2) -> 1105.53
A56: 12 | D56: CALÇAMENTO TRECHO 03 (BAIRRO CABRALZADA - T02) | K56: =ROUND(SUM(J57:J59),2) -> 208056.1
A57: 12.1 | B57: PRÓPRIA | C57: CPU 003 | D57: ASSENTAMENTO DE GUIA (MEIO-FIO) EM TRECHO RETO, CONFECCIONADA EM CONCRETO PRÉ-FABRICADO, DIMENSÕES 80X10X10X30 CM (COMPRIMENTO X BASE INFERIOR X BASE SUPERIOR X ALTURA). | E57: M | F57: 59.88 | G57: 581.86 | H57: =$J$8 -> 0.2264 | I57: =ROUND((F57*$J$9),2) -> 73.44 | J57: =ROUND((G57*I57),2) -> 42731.8
A58: 12.2 | B58: SINAPI | C58: 92404 | D58: EXECUÇÃO DE PAVIMENTO EM PISO INTERTRAVADO, COM BLOCO 16 FACES DE 22 X 11 CM, ESPESSURA 8 CM. AF_10/2022 | E58: M2 | F58: 92.1 | G58: 1391.25 | H58: =$J$8 -> 0.2264 | I58: =ROUND((F58*$J$9),2) -> 112.95 | J58: =ROUND((G58*I58),2) -> 157141.69
A59: 12.3 | B59: SINAPI | C59: 93588 | D59: TRANSPORTE COM CAMINHÃO BASCULANTE DE 10 M³, EM VIA URBANA EM LEITO NATURAL (UNIDADE: M3XKM). AF_07/2020 | E59: M3XKM | F59: 3.2 | G59: 2087.4 | H59: =$J$8 -> 0.2264 | I59: =ROUND((F59*$J$9),2) -> 3.92 | J59: =ROUND((G59*I59),2) -> 8182.61
A61: 13 | D61: LOCAÇÃO DE OBRA TRECHO 04 (BAIRRO RIO DO PEIXE) | K61: =ROUND(SUM(J62),2) -> 934.55
A62: 13.1 | B62: PRÓPRIA | C62: CPU002 | D62: LOCAÇÃO DE PAVIMENTAÇÃO | E62: M | F62: 1.55 | G62: 491.87 | H62: =$J$8 -> 0.2264 | I62: =ROUND((F62*$J$9),2) -> 1.9 | J62: =ROUND((G62*I62),2) -> 934.55
A64: 14 | D64: CALÇAMENTO TRECHO 04 (BAIRRO RIO DO PEIXE) | K64: =ROUND(SUM(J65:J67),2) -> 216038.19
A65: 14.1 | B65: PRÓPRIA | C65: CPU 003 | D65: ASSENTAMENTO DE GUIA (MEIO-FIO) EM TRECHO RETO, CONFECCIONADA EM CONCRETO PRÉ-FABRICADO, DIMENSÕES 80X10X10X30 CM (COMPRIMENTO X BASE INFERIOR X BASE SUPERIOR X ALTURA). | E65: M | F65: 59.88 | G65: 491.87 | H65: =$J$8 -> 0.2264 | I65: =ROUND((F65*$J$9),2) -> 73.44 | J65: =ROUND((G65*I65),2) -> 36122.93
A66: 14.2 | B66: SINAPI | C66: 92404 | D66: EXECUÇÃO DE PAVIMENTO EM PISO INTERTRAVADO, COM BLOCO 16 FACES DE 22 X 11 CM, ESPESSURA 8 CM. AF_10/2022 | E66: M2 | F66: 92.1 | G66: 1515.16 | H66: =$J$8 -> 0.2264 | I66: =ROUND((F66*$J$9),2) -> 112.95 | J66: =ROUND((G66*I66),2) -> 171137.32
A67: 14.3 | B67: SINAPI | C67: 93588 | D67: TRANSPORTE COM CAMINHÃO BASCULANTE DE 10 M³, EM VIA URBANA EM LEITO NATURAL (UNIDADE: M3XKM). AF_07/2020 | E67: M3XKM | F67: 3.2 | G67: 2239.27 | H67: =$J$8 -> 0.2264 | I67: =ROUND((F67*$J$9),2) -> 3.92 | J67: =ROUND((G67*I67),2) -> 8777.94
A69: 15 | D69: LOCAÇÃO DE OBRA TRECHO 05 (PATIO UBS BAIRRO SÃO JUDAS TADEU) | K69: =ROUND(SUM(J70),2) -> 226.56
A70: 15.1 | B70: PRÓPRIA | C70: CPU002 | D70: LOCAÇÃO DE PAVIMENTAÇÃO | E70: M | F70: 1.55 | G70: 119.24 | H70: =$J$8 -> 0.2264 | I70: =ROUND((F70*$J$9),2) -> 1.9 | J70: =ROUND((G70*I70),2) -> 226.56
A72: 16 | D72: CALÇAMENTO TRECHO 05 (PATIO UBS BAIRRO SÃO JUDAS TADEU) | K72: =ROUND(SUM(J73:J75),2) -> 73745.97
A73: 16.1 | B73: PRÓPRIA | C73: CPU 003 | D73: ASSENTAMENTO DE GUIA (MEIO-FIO) EM TRECHO RETO, CONFECCIONADA EM CONCRETO PRÉ-FABRICADO, DIMENSÕES 80X10X10X30 CM (COMPRIMENTO X BASE INFERIOR X BASE SUPERIOR X ALTURA). | E73: M | F73: 59.88 | G73: 119.24 | H73: =$J$8 -> 0.2264 | I73: =ROUND((F73*$J$9),2) -> 73.44 | J73: =ROUND((G73*I73),2) -> 8756.99
A74: 16.2 | B74: SINAPI | C74: 92404 | D74: EXECUÇÃO DE PAVIMENTO EM PISO INTERTRAVADO, COM BLOCO 16 FACES DE 22 X 11 CM, ESPESSURA 8 CM. AF_10/2022 | E74: M2 | F74: 92.1 | G74: 547.77 | H74: =$J$8 -> 0.2264 | I74: =ROUND((F74*$J$9),2) -> 112.95 | J74: =ROUND((G74*I74),2) -> 61870.62
A75: 16.3 | B75: SINAPI | C75: 93588 | D75: TRANSPORTE COM CAMINHÃO BASCULANTE DE 10 M³, EM VIA URBANA EM LEITO NATURAL (UNIDADE: M3XKM). AF_07/2020 | E75: M3XKM | F75: 3.2 | G75: 795.5 | H75: =$J$8 -> 0.2264 | I75: =ROUND((F75*$J$9),2) -> 3.92 | J75: =ROUND((G75*I75),2) -> 3118.36
A77: 17 | D77: LOCAÇÃO DE OBRA TRECHO 06 (BAIRRO ROSETA - T01) | K77: =ROUND(SUM(J78),2) -> 1244.25
A78: 17.1 | B78: PRÓPRIA | C78: CPU002 | D78: LOCAÇÃO DE PAVIMENTAÇÃO | E78: M | F78: 1.55 | G78: 654.87 | H78: =$J$8 -> 0.2264 | I78: =ROUND((F78*$J$9),2) -> 1.9 | J78: =ROUND((G78*I78),2) -> 1244.25
A80: 18 | D80: CALÇAMENTO TRECHO 06 (BAIRRO ROSETA - T01) | K80: =ROUND(SUM(J81:J83),2) -> 435806.59
A81: 18.1 | B81: PRÓPRIA | C81: CPU 003 | D81: ASSENTAMENTO DE GUIA (MEIO-FIO) EM TRECHO RETO, CONFECCIONADA EM CONCRETO PRÉ-FABRICADO, DIMENSÕES 80X10X10X30 CM (COMPRIMENTO X BASE INFERIOR X BASE SUPERIOR X ALTURA). | E81: M | F81: 59.88 | G81: 654.87 | H81: =$J$8 -> 0.2264 | I81: =ROUND((F81*$J$9),2) -> 73.44 | J81: =ROUND((G81*I81),2) -> 48093.65
A82: 18.2 | B82: SINAPI | C82: 92404 | D82: EXECUÇÃO DE PAVIMENTO EM PISO INTERTRAVADO, COM BLOCO 16 FACES DE 22 X 11 CM, ESPESSURA 8 CM. AF_10/2022 | E82: M2 | F82: 92.1 | G82: 3268.35 | H82: =$J$8 -> 0.2264 | I82: =ROUND((F82*$J$9),2) -> 112.95 | J82: =ROUND((G82*I82),2) -> 369160.13
A83: 18.3 | B83: SINAPI | C83: 93588 | D83: TRANSPORTE COM CAMINHÃO BASCULANTE DE 10 M³, EM VIA URBANA EM LEITO NATURAL (UNIDADE: M3XKM). AF_07/2020 | E83: M3XKM | F83: 3.2 | G83: 4732.86 | H83: =$J$8 -> 0.2264 | I83: =ROUND((F83*$J$9),2) -> 3.92 | J83: =ROUND((G83*I83),2) -> 18552.81
A85: 19 | D85: LOCAÇÃO DE OBRA TRECHO 06 (BAIRRO ROSETA - T02) | K85: =ROUND(SUM(J86),2) -> 1097.8
A86: 19.1 | B86: PRÓPRIA | C86: CPU002 | D86: LOCAÇÃO DE PAVIMENTAÇÃO | E86: M | F86: 1.55 | G86: 577.79 | H86: =$J$8 -> 0.2264 | I86: =ROUND((F86*$J$9),2) -> 1.9 | J86: =ROUND((G86*I86),2) -> 1097.8
A88: 20 | D88: CALÇAMENTO TRECHO 06 (BAIRRO ROSETA - T02) | K88: =ROUND(SUM(J89:J91),2) -> 379216.04
A89: 20.1 | B89: PRÓPRIA | C89: CPU 003 | D89: ASSENTAMENTO DE GUIA (MEIO-FIO) EM TRECHO RETO, CONFECCIONADA EM CONCRETO PRÉ-FABRICADO, DIMENSÕES 80X10X10X30 CM (COMPRIMENTO X BASE INFERIOR X BASE SUPERIOR X ALTURA). | E89: M | F89: 59.88 | G89: 577.79 | H89: =$J$8 -> 0.2264 | I89: =ROUND((F89*$J$9),2) -> 73.44 | J89: =ROUND((G89*I89),2) -> 42432.9
A90: 20.2 | B90: SINAPI | C90: 92404 | D90: EXECUÇÃO DE PAVIMENTO EM PISO INTERTRAVADO, COM BLOCO 16 FACES DE 22 X 11 CM, ESPESSURA 8 CM. AF_10/2022 | E90: M2 | F90: 92.1 | G90: 2838.95 | H90: =$J$8 -> 0.2264 | I90: =ROUND((F90*$J$9),2) -> 112.95 | J90: =ROUND((G90*I90),2) -> 320659.4
A91: 20.3 | B91: SINAPI | C91: 93588 | D91: TRANSPORTE COM CAMINHÃO BASCULANTE DE 10 M³, EM VIA URBANA EM LEITO NATURAL (UNIDADE: M3XKM). AF_07/2020 | E91: M3XKM | F91: 3.2 | G91: 4113.2 | H91: =$J$8 -> 0.2264 | I91: =ROUND((F91*$J$9),2) -> 3.92 | J91: =ROUND((G91*I91),2) -> 16123.74
D97: Mateus Pedro da Silva
D98: Engenheiro Civil

Sheet CRON.LEV. EVENTOS
B1: PREFEITURA MUNICIPAL DE CAMBUÍ ESTADO DE MINAS GERAIS GESTÃO 2025 / 2028
B2: CRONOGRAMA POR LEVANTAMENTO POR EVENTOS
B3: OBRA: | E3: ='P.O.'!D3 -> Pavimentação de vias públicas vicinais e urbanas.
B4: LOCAL: | E4: ='P.O.'!D4 -> Várias Localidades do Município de Cambuí - MG.
B5: ÁREA DE PAVIMENTAÇÃO: | E5: ='P.O.'!D5 -> 13487,10 m²
G7: NÃO SE APLICA | K7: BDI 1
G9: OBRA RODOVIÁRIA | K9: BDI 2 | L9: 0.2264
L10: =L9+1 -> 1.2264
G11: VALOR TOTAL DA OBRA: | K11: ='P.O.'!I10 -> 1941385.8
E13: FRENTES DA OBRA | F13: PAVIMENTAÇÃO | G13: PAVIMENTAÇÃO | H13: PAVIMENTAÇÃO | I13: PAVIMENTAÇÃO
E14: Nº DA FRENTE | F14: 1
A15: Nº DO EVENTO | B15: TÍTULO DO EVENTO | F15: MÊS 01 | G15: MÊS 02 | H15: MÊS 03 | I15: MÊS 04 | J15: MÊS 05 | K15: MÊS 06 | L15: MÊS 07 | M15: MÊS 08
A16: 1 | B16: ='P.O.'!D14 -> SERVIÇOS PRELIMINARES | F16: 1
A17: 2 | B17: ='P.O.'!D18 -> ADMINISTRAÇÃO LOCAL | F17: 1 | G17: 2 | H17: 3 | I17: 4 | J17: 5 | K17: 6 | L17: 7 | M17: 8
A18: 3 | B18: ='P.O.'!D21 -> LOCAÇÃO DE OBRA TRECHO 01 (MORRO DO CRUZEIRO - T01) | J18: 5
A19: 4 | B19: ='P.O.'!D24 -> CALÇAMENTO TRECHO 01 (MORRO DO CRUZEIRO - T01) | J19: 5
A20: 5 | B20: ='P.O.'!D29 -> LOCAÇÃO DE OBRA TRECHO 01 (MORRO DO CRUZEIRO - T02) | K20: 6
A21: 6 | B21: ='P.O.'!D32 -> CALÇAMENTO TRECHO 01 (MORRO DO CRUZEIRO - T02) | K21: 6
A22: 7 | B22: ='P.O.'!D37 -> LOCAÇÃO DE OBRA TRECHO 02 (PRAÇA DO CRUZEIRO) | K22: 6
A23: 8 | B23: ='P.O.'!D40 -> CALÇAMENTO TRECHO 02 (PRAÇA DO CRUZEIRO) | K23: 6
A24: 9 | B24: ='P.O.'!D45 -> LOCAÇÃO DE OBRA TRECHO 03 (BAIRRO CABRALZADA - T01) | F24: 1
A25: 10 | B25: ='P.O.'!D48 -> CALÇAMENTO TRECHO 03 (BAIRRO CABRALZADA - T01) | F25: 1
A26: 11 | B26: ='P.O.'!D53 -> LOCAÇÃO DE OBRA TRECHO 03 (BAIRRO CABRALZADA - T02) | G26: 2
A27: 12 | B27: ='P.O.'!D56 -> CALÇAMENTO TRECHO 03 (BAIRRO CABRALZADA - T02) | G27: 2
A28: 13 | B28: ='P.O.'!D61 -> LOCAÇÃO DE OBRA TRECHO 04 (BAIRRO RIO DO PEIXE) | L28: 7
A29: 14 | B29: ='P.O.'!D64 -> CALÇAMENTO TRECHO 04 (BAIRRO RIO DO PEIXE) | L29: 7
A30: 15 | B30: ='P.O.'!D69 -> LOCAÇÃO DE OBRA TRECHO 05 (PATIO UBS BAIRRO SÃO JUDAS TADEU) | M30: 8
A31: 16 | B31: ='P.O.'!D72 -> CALÇAMENTO TRECHO 05 (PATIO UBS BAIRRO SÃO JUDAS TADEU) | M31: 8
A32: 17 | B32: ='P.O.'!D77 -> LOCAÇÃO DE OBRA TRECHO 06 (BAIRRO ROSETA - T01) | H32: 3
A33: 18 | B33: ='P.O.'!D80 -> CALÇAMENTO TRECHO 06 (BAIRRO ROSETA - T01) | H33: 3
A34: 19 | B34: ='P.O.'!D85 -> LOCAÇÃO DE OBRA TRECHO 06 (BAIRRO ROSETA - T02) | I34: 4
A35: 20 | B35: ='P.O.'!D88 -> CALÇAMENTO TRECHO 06 (BAIRRO ROSETA - T02) | I35: 4
B37: TOTAL POR PERÍODO | F37: ='P.O.'!K14 -> 953.73
F38: =ROUND('P.O.'!$K$18/8,2) -> 4861.46 | G38: =ROUND('P.O.'!$K$18/8,2) -> 4861.46 | H38: =ROUND('P.O.'!$K$18/8,2) -> 4861.46 | I38: =ROUND('P.O.'!$K$18/8,2) -> 4861.46 | J38: =ROUND('P.O.'!$K$18/8,2) -> 4861.46 | K38: =ROUND('P.O.'!$K$18/8,2) -> 4861.46 | L38: =ROUND('P.O.'!$K$18/8,2) -> 4861.46 | M38: =ROUND('P.O.'!$K$18/8,2) -> 4861.46
F39: ='P.O.'!K45 -> 1069.7 | G39: ='P.O.'!K53 -> 1105.53 | H39: ='P.O.'!K77 -> 1244.25 | I39: ='P.O.'!K85 -> 1097.8 | J39: ='P.O.'!K21 -> 660.9 | K39: ='P.O.'!K29 -> 1044.15 | L39: ='P.O.'!K61 -> 934.55 | M39: ='P.O.'!K69 -> 226.56
F40: ='P.O.'!K48 -> 206186.59 | G40: ='P.O.'!K56 -> 208056.1 | H40: ='P.O.'!K80 -> 435806.59 | I40: ='P.O.'!K88 -> 379216.04 | J40: ='P.O.'!K24 -> 127966.17 | K40: ='P.O.'!K32 -> 205944.2 | L40: ='P.O.'!K64 -> 216038.19 | M40: ='P.O.'!K72 -> 73745.97
K41: ='P.O.'!K37 -> 192.45
K42: ='P.O.'!K40 -> 41004.61
F45: =SUM(F37:F44) -> 213071.48 | G45: =SUM(G37:G44) -> 214023.09 | H45: =SUM(H37:H44) -> 441912.3 | I45: =SUM(I37:I44) -> 385175.3 | J45: =SUM(J37:J44) -> 133488.53 | K45: =SUM(K37:K44) -> 253046.87 | L45: =SUM(L37:L44) -> 221834.2 | M45: =SUM(M37:M44) -> 78833.99
F46: =F45/$K$11 -> 0.10975226 | G46: =G45/$K$11 -> 0.11024243 | H46: =H45/$K$11 -> 0.22762725 | I46: =I45/$K$11 -> 0.19840225 | J46: =J45/$K$11 -> 0.068759405 | K46: =K45/$K$11 -> 0.13034343 | L46: =L45/$K$11 -> 0.1142659 | M46: =M45/$K$11 -> 0.040607071
B47: ACUMULADO | F47: =F45 -> 213071.48 | G47: =ROUND(F47+G45,2) -> 427094.57 | H47: =ROUND(G47+H45,2) -> 869006.87 | I47: =ROUND(H47+I45,2) -> 1254182.2 | J47: =ROUND(I47+J45,2) -> 1387670.7 | K47: =ROUND(J47+K45,2) -> 1640717.6 | L47: =ROUND(K47+L45,2) -> 1862551.8 | M47: =ROUND(L47+M45,2) -> 1941385.8
F48: =F47/$K$11 -> 0.10975226 | G48: =G47/$K$11 -> 0.2199947 | H48: =H47/$K$11 -> 0.44762195 | I48: =I47/$K$11 -> 0.64602419 | J48: =J47/$K$11 -> 0.7147836 | K48: =K47/$K$11 -> 0.84512702 | L48: =L47/$K$11 -> 0.95939293 | M48: =M47/$K$11 -> 1
D51: Mateus Pedro da Silva
D52: Engenheiro Civil

Sheet MEM. CÁLCULO
B1: PREFEITURA MUNICIPAL DE CAMBUÍ ESTADO DE MINAS GERAIS GESTÃO 2025 / 2028
B2: MEMÓRIA DE CÁLCULO
B3: OBRA: | E3: ='P.O.'!D3 -> Pavimentação de vias públicas vicinais e urbanas.
B4: LOCAL: | E4: ='P.O.'!D4 -> Várias Localidades do Município de Cambuí - MG.
B5: ÁREA DE PAVIMENTAÇÃO: | E5: ='P.O.'!D5 -> 13487,10 m²
F6: CONSTRUÇÃO DE EDIFÍCIOS | J6: BDI 1 | K6: 0
K7: =K6+1 -> 1
F8: NÃO SE APLICA | J8: BDI 2 | K8: 0.2264
K9: =K8+1 -> 1.2264
F10: VALOR TOTAL DA OBRA: | J10: ='P.O.'!I10 -> 1941385.8
B12: ITEM | C12: FONTE | D12: CÓDIGO | E12: DESCRIÇÃO DO ITEM | F12: UNIDADE | G12: MEMÓRIA DE CÁLCULO
B14: ='P.O.'!A14 -> 1 | E14: ='P.O.'!D14 -> SERVIÇOS PRELIMINARES | M14: CONFERÊNCIAS
B15: ='P.O.'!A15 -> 1.1 | C15: ='P.O.'!B15 -> SINAPI COMPOSIÇÕES | D15: ='P.O.'!C15 -> 103689 | E15: ='P.O.'!D15 -> FORNECIMENTO E INSTALAÇÃO DE PLACA DE OBRA COM CHAPA GALVANIZADA E ESTRUTURA DE MADEIRA. AF_03/2022_PS | F15: ='P.O.'!E15 -> M2 | G15: PLACA DE OBRA PADRÃO DA PREFEITURA DE CAMBUÍ 1,60*0,60 = 0,96 M² | M15: =1.6*0.6 -> 0.96
B16: ='P.O.'!A16 -> 1.2 | C16: ='P.O.'!B16 -> SINAPI COMPOSIÇÕES | D16: ='P.O.'!C16 -> 105042 | E16: ='P.O.'!D16 -> PILAR DE MADEIRA ROLIÇA, EUCALIPTO OU EQUIVALENTE DA REGIÃO, FIXADO COM VERGALHÃO, DIÂMETRO DE 12 A 15 CM, APOIO ARTICULADO, COMPRIMENTO DE 3 M. AF_03/2024 | F16: ='P.O.'!E16 -> M | G16: 2 SUPORTES COM COMPRIMENTO DE 3,00M = 6,00M | M16: 6
B18: ='P.O.'!A18 -> 2 | E18: ='P.O.'!D18 -> ADMINISTRAÇÃO LOCAL
B19: ='P.O.'!A19 -> 2.1 | C19: ='P.O.'!B19 -> PRÓPRIA | D19: ='P.O.'!C19 -> CPU 001 | E19: ='P.O.'!D19 -> ADMINISTRAÇÃO LOCAL | F19: ='P.O.'!E19 -> MÊS | G19: ESTIPULADO 8 MESES DE OBRA COM UM COEFICIENTE DE 29 HORAS/MÊS | M19: 8
B21: ='P.O.'!A21 -> 3 | E21: ='P.O.'!D21 -> LOCAÇÃO DE OBRA TRECHO 01 (MORRO DO CRUZEIRO - T01)
B22: ='P.O.'!A22 -> 3.1 | C22: ='P.O.'!B22 -> PRÓPRIA | D22: ='P.O.'!C22 -> CPU002 | E22: ='P.O.'!D22 -> LOCAÇÃO DE PAVIMENTAÇÃO | F22: ='P.O.'!E22 -> M | G22: RETIRADO DA PLANILHA CALCULOS (GUIA T01) | M22: =ROUND(CALCULOS!B51,2) -> 347.84
B24: ='P.O.'!A24 -> 4 | E24: ='P.O.'!D24 -> CALÇAMENTO TRECHO 01 (MORRO DO CRUZEIRO - T01)
B25: ='P.O.'!A25 -> 4.1 | C25: ='P.O.'!B25 -> PRÓPRIA | D25: ='P.O.'!C25 -> CPU 003 | E25: ='P.O.'!D25 -> ASSENTAMENTO DE GUIA (MEIO-FIO) EM TRECHO RETO, CONFECCIONADA EM CONCRETO PRÉ-FABRICADO, DIMENSÕES 80X10X10X30 CM (COMPRIMENTO X BASE INFERIOR X BASE SUPERIOR X ALTURA). | F25: ='P.O.'!E25 -> M | G25: RETIRADO DA PLANILHA CALCULOS (GUIA T01) | M25: =ROUND(CALCULOS!B51,2) -> 347.84
B26: ='P.O.'!A26 -> 4.2 | C26: ='P.O.'!B26 -> SINAPI COMPOSIÇÕES | D26: ='P.O.'!C26 -> 92404 | E26: ='P.O.'!D26 -> EXECUÇÃO DE PAVIMENTO EM PISO INTERTRAVADO, COM BLOCO 16 FACES DE 22 X 11 CM, ESPESSURA 8 CM. AF_10/2022 | F26: ='P.O.'!E26 -> M2 | G26: RETIRADO DA PLANILHA CALCULOS (ÁREA T01) | M26: =ROUND(CALCULOS!B49,2) -> 862
B27: ='P.O.'!A27 -> 4.3 | C27: ='P.O.'!B27 -> SINAPI | D27: ='P.O.'!C27 -> 93588 | E27: ='P.O.'!D27 -> TRANSPORTE COM CAMINHÃO BASCULANTE DE 10 M³, EM VIA URBANA EM LEITO NATURAL (UNIDADE: M3XKM). AF_07/2020 | F27: ='P.O.'!E27 -> M3XKM | G27: ((862,00*0,08)+(862,00*0,06)+(347,84*0,8*0,1*0,3))*10 = 1290,28 M³XKM Volume de blocos intertravados + Volume de areia + volume de meio fio, multiplicado por 10 km (distância estipulada) | M27: =ROUND(((862*0.08)+(862*0.06)+(347.84*0.8*0.1*0.3))*10,2) -> 1290.28
B29: ='P.O.'!A29 -> 5 | E29: ='P.O.'!D29 -> LOCAÇÃO DE OBRA TRECHO 01 (MORRO DO CRUZEIRO - T02)
B30: ='P.O.'!A30 -> 5.1 | C30: ='P.O.'!B30 -> PRÓPRIA | D30: ='P.O.'!C30 -> CPU002 | E30: ='P.O.'!D30 -> LOCAÇÃO DE PAVIMENTAÇÃO | F30: ='P.O.'!E30 -> M | G30: RETIRADO DA PLANILHA CALCULOS (GUIA T02) | M30: =ROUND(CALCULOS!B135,2) -> 549.55
B32: ='P.O.'!A32 -> 6 | E32: ='P.O.'!D32 -> CALÇAMENTO TRECHO 01 (MORRO DO CRUZEIRO - T02)
B33: ='P.O.'!A33 -> 6.1 | C33: ='P.O.'!B33 -> PRÓPRIA | D33: ='P.O.'!C33 -> CPU 003 | E33: ='P.O.'!D33 -> ASSENTAMENTO DE GUIA (MEIO-FIO) EM TRECHO RETO, CONFECCIONADA EM CONCRETO PRÉ-FABRICADO, DIMENSÕES 80X10X10X30 CM (COMPRIMENTO X BASE INFERIOR X BASE SUPERIOR X ALTURA). | F33: ='P.O.'!E33 -> M | G33: RETIRADO DA PLANILHA CALCULOS (GUIA T02) | M33: =ROUND(CALCULOS!B135,2) -> 549.55
B34: ='P.O.'!A34 -> 6.2 | C34: ='P.O.'!B34 -> SINAPI | D34: ='P.O.'!C34 -> 92404 | E34: ='P.O.'!D34 -> EXECUÇÃO DE PAVIMENTO EM PISO INTERTRAVADO, COM BLOCO 16 FACES DE 22 X 11 CM, ESPESSURA 8 CM. AF_10/2022 | F34: ='P.O.'!E34 -> M2 | G34: RETIRADO DA PLANILHA CALCULOS (ÁREA T02) | M34: =CALCULOS!B133 -> 1393.71
B35: ='P.O.'!A35 -> 6.3 | C35: ='P.O.'!B35 -> SINAPI | D35: ='P.O.'!C35 -> 93588 | E35: ='P.O.'!D35 -> TRANSPORTE COM CAMINHÃO BASCULANTE DE 10 M³, EM VIA URBANA EM LEITO NATURAL (UNIDADE: M3XKM). AF_07/2020 | F35: ='P.O.'!E35 -> M3XKM | G35: ((1393,71*0,08)+(1393,71*0,06)+(549,55*0,8*0,1*0,3))*10 = 2083,09 M³XKM Volume de blocos intertravados + Volume de areia + volume de meio fio, multiplicado por 10 km (distância estipulada) | M35: =ROUND(((1393.71*0.08)+(1393.71*0.06)+(549.55*0.8*0.1*0.3))*10,2) -> 2083.09
B37: ='P.O.'!A37 -> 7 | C37: ='P.O.'!B37 -> 0 | D37: ='P.O.'!C37 -> 0 | E37: ='P.O.'!D37 -> LOCAÇÃO DE OBRA TRECHO 02 (PRAÇA DO CRUZEIRO)
B38: ='P.O.'!A38 -> 7.1 | C38: ='P.O.'!B38 -> PRÓPRIA | D38: ='P.O.'!C38 -> CPU002 | E38: ='P.O.'!D38 -> LOCAÇÃO DE PAVIMENTAÇÃO | F38: ='P.O.'!E38 -> M | G38: RETIRADO DA PLANILHA CALCULOS (GUIA) | M38: =CALCULOS!B141 -> 101.29
B40: ='P.O.'!A40 -> 8 | E40: ='P.O.'!D40 -> CALÇAMENTO TRECHO 02 (PRAÇA DO CRUZEIRO)
B41: ='P.O.'!A41 -> 8.1 | C41: ='P.O.'!B41 -> PRÓPRIA | D41: ='P.O.'!C41 -> CPU 003 | E41: ='P.O.'!D41 -> ASSENTAMENTO DE GUIA (MEIO-FIO) EM TRECHO RETO, CONFECCIONADA EM CONCRETO PRÉ-FABRICADO, DIMENSÕES 80X10X10X30 CM (COMPRIMENTO X BASE INFERIOR X BASE SUPERIOR X ALTURA). | F41: ='P.O.'!E41 -> M | G41: RETIRADO DA PLANILHA CALCULOS (GUIA ) | M41: =CALCULOS!B141 -> 101.29
B42: ='P.O.'!A42 -> 8.2 | C42: ='P.O.'!B42 -> SINAPI | D42: ='P.O.'!C42 -> 92404 | E42: ='P.O.'!D42 -> EXECUÇÃO DE PAVIMENTO EM PISO INTERTRAVADO, COM BLOCO 16 FACES DE 22 X 11 CM, ESPESSURA 8 CM. AF_10/2022 | F42: ='P.O.'!E42 -> M2 | G42: RETIRADO DA PLANILHA CALCULOS (INTERTRAVADO NATURAL ) | M42: =CALCULOS!B143 -> 282.6
B43: ='P.O.'!A43 -> 8.3 | C43: ='P.O.'!B43 -> SINAPI | D43: ='P.O.'!C43 -> 93588 | E43: ='P.O.'!D43 -> TRANSPORTE COM CAMINHÃO BASCULANTE DE 10 M³, EM VIA URBANA EM LEITO NATURAL (UNIDADE: M3XKM). AF_07/2020 | F43: ='P.O.'!E43 -> M3XKM | G43: ((282,60*0,08)+(282,60*0,06)+(101,29*0,8*0,1*0,3))*10 = 419,95 M³XKM Volume de blocos intertravados + Volume de areia + volume de meio fio, multiplicado por 10 km (distância estipulada) | M43: =ROUND(((282.6*0.08)+(282.6*0.06)+(101.29*0.8*0.1*0.3))*10,2) -> 419.95
B45: ='P.O.'!A45 -> 9 | E45: ='P.O.'!D45 -> LOCAÇÃO DE OBRA TRECHO 03 (BAIRRO CABRALZADA - T01)
B46: ='P.O.'!A46 -> 9.1 | C46: ='P.O.'!B46 -> PRÓPRIA | D46: ='P.O.'!C46 -> CPU002 | E46: ='P.O.'!D46 -> LOCAÇÃO DE PAVIMENTAÇÃO | F46: ='P.O.'!E46 -> M | G46: RETIRADO DA PLANILHA CALCULOS (GUIA T01) | M46: =CALCULOS!B206 -> 563
B48: ='P.O.'!A48 -> 10 | E48: ='P.O.'!D48 -> CALÇAMENTO TRECHO 03 (BAIRRO CABRALZADA - T01)
B49: ='P.O.'!A49 -> 10.1 | C49: ='P.O.'!B49 -> PRÓPRIA | D49: ='P.O.'!C49 -> CPU 003 | E49: ='P.O.'!D49 -> ASSENTAMENTO DE GUIA (MEIO-FIO) EM TRECHO RETO, CONFECCIONADA EM CONCRETO PRÉ-FABRICADO, DIMENSÕES 80X10X10X30 CM (COMPRIMENTO X BASE INFERIOR X BASE SUPERIOR X ALTURA). | F49: ='P.O.'!E49 -> M | G49: RETIRADO DA PLANILHA CALCULOS (GUIA T01) | M49: =CALCULOS!B206 -> 563
B50: ='P.O.'!A50 -> 10.2 | C50: ='P.O.'!B50 -> SINAPI | D50: ='P.O.'!C50 -> 92404 | E50: ='P.O.'!D50 -> EXECUÇÃO DE PAVIMENTO EM PISO INTERTRAVADO, COM BLOCO 16 FACES DE 22 X 11 CM, ESPESSURA 8 CM. AF_10/2022 | F50: ='P.O.'!E50 -> M2 | G50: RETIRADO DA PLANILHA CALCULOS (ÁREA T01) | M50: =CALCULOS!B204 -> 1387.31
B51: ='P.O.'!A51 -> 10.3 | C51: ='P.O.'!B51 -> SINAPI | D51: ='P.O.'!C51 -> 93588 | E51: ='P.O.'!D51 -> TRANSPORTE COM CAMINHÃO BASCULANTE DE 10 M³, EM VIA URBANA EM LEITO NATURAL (UNIDADE: M3XKM). AF_07/2020 | F51: ='P.O.'!E51 -> M3XKM | G51: ((1387,31*0,08)+(1387,31*0,06)+(563,00*0,8*0,1*0,3))*10 = 2077,35 M³XKM Volume de blocos intertravados + Volume de areia + volume de meio fio, multiplicado por 10 km (distância estipulada) | M51: =ROUND(((1387.31*0.08)+(1387.31*0.06)+(563*0.8*0.1*0.3))*10,2) -> 2077.35
B53: 11 | E53: ='P.O.'!D53 -> LOCAÇÃO DE OBRA TRECHO 03 (BAIRRO CABRALZADA - T02)
B54: 11.1 | C54: ='P.O.'!B62 -> PRÓPRIA | D54: ='P.O.'!C62 -> CPU002 | E54: ='P.O.'!D62 -> LOCAÇÃO DE PAVIMENTAÇÃO | F54: ='P.O.'!E62 -> M | G54: RETIRADO DA PLANILHA CALCULOS (GUIA T02) | M54: =CALCULOS!B252 -> 581.86
B56: 12 | E56: ='P.O.'!D56 -> CALÇAMENTO TRECHO 03 (BAIRRO CABRALZADA - T02)
B57: 12.1 | C57: ='P.O.'!B65 -> PRÓPRIA | D57: ='P.O.'!C65 -> CPU 003 | E57: ='P.O.'!D65 -> ASSENTAMENTO DE GUIA (MEIO-FIO) EM TRECHO RETO, CONFECCIONADA EM CONCRETO PRÉ-FABRICADO, DIMENSÕES 80X10X10X30 CM (COMPRIMENTO X BASE INFERIOR X BASE SUPERIOR X ALTURA). | F57: ='P.O.'!E65 -> M | G57: RETIRADO DA PLANILHA CALCULOS (GUIA T02) | M57: =CALCULOS!B252 -> 581.86
B58: 12.2 | C58: ='P.O.'!B66 -> SINAPI | D58: ='P.O.'!C66 -> 92404 | E58: ='P.O.'!D66 -> EXECUÇÃO DE PAVIMENTO EM PISO INTERTRAVADO, COM BLOCO 16 FACES DE 22 X 11 CM, ESPESSURA 8 CM. AF_10/2022 | F58: ='P.O.'!E66 -> M2 | G58: RETIRADO DA PLANILHA CALCULOS (ÁREA T02) | M58: =CALCULOS!B250 -> 1391.25
B59: 12.3 | C59: ='P.O.'!B67 -> SINAPI | D59: ='P.O.'!C67 -> 93588 | E59: ='P.O.'!D67 -> TRANSPORTE COM CAMINHÃO BASCULANTE DE 10 M³, EM VIA URBANA EM LEITO NATURAL (UNIDADE: M3XKM). AF_07/2020 | F59: ='P.O.'!E67 -> M3XKM | G59: ((1391,25*0,08)+(1391,25*0,06)+(581,86*0,8*0,1*0,3))*10 = 2087,40 M³XKM Volume de blocos intertravados + Volume de areia + volume de meio fio, multiplicado por 10 km (distância estipulada) | M59: =ROUND(((1391.25*0.08)+(1391.25*0.06)+(581.86*0.8*0.1*0.3))*10,2) -> 2087.4
B61: 13 | E61: ='P.O.'!D61 -> LOCAÇÃO DE OBRA TRECHO 04 (BAIRRO RIO DO PEIXE)
B62: 13.1 | C62: PRÓPRIA | D62: CPU002 | E62: LOCAÇÃO DE PAVIMENTAÇÃO | F62: M | G62: RETIRADO DA PLANILHA CALCULOS (GUIA TOTAL) | M62: =CALCULOS!B285 -> 491.87
B64: 14 | E64: ='P.O.'!D64 -> CALÇAMENTO TRECHO 04 (BAIRRO RIO DO PEIXE)
B65: 14,1 | C65: PRÓPRIA | D65: CPU 004 | E65: ASSENTAMENTO DE GUIA (MEIO-FIO) EM TRECHO RETO, CONFECCIONADA EM CONCRETO PRÉ-FABRICADO, DIMENSÕES 80X10X10X30 CM (COMPRIMENTO X BASE INFERIOR X BASE SUPERIOR X ALTURA). | F65: M | G65: RETIRADO DA PLANILHA CALCULOS (GUIA TOTAL) | M65: =CALCULOS!B285 -> 491.87
B66: 14,2 | C66: SINAPI | D66: 92404 | E66: EXECUÇÃO DE PAVIMENTO EM PISO INTERTRAVADO, COM BLOCO 16 FACES DE 22 X 11 CM, ESPESSURA 8 CM. AF_10/2022 | F66: M2 | G66: RETIRADO DA PLANILHA CALCULOS (ÁREA TOTAL) | M66: =CALCULOS!B283 -> 1515.16
B67: 14,3 | C67: SINAPI | D67: 93588 | E67: TRANSPORTE COM CAMINHÃO BASCULANTE DE 10 M³, EM VIA URBANA EM LEITO NATURAL (UNIDADE: M3XKM). AF_07/2020 | F67: M3XKM | G67: ((1515,16*0,08)+(1515,16*0,06)+(491,87*0,8*0,1*0,3))*10 = 2239,27 M³XKM Volume de blocos intertravados + Volume de areia + volume de meio fio, multiplicado por 10 km (distância estipulada) | M67: =((1515.16*0.08)+(1515.16*0.06)+(491.87*0.8*0.1*0.3))*10 -> 2239.2728
B69: 15 | E69: ='P.O.'!D69 -> LOCAÇÃO DE OBRA TRECHO 05 (PATIO UBS BAIRRO SÃO JUDAS TADEU)
B70: 15.1 | C70: PRÓPRIA | D70: CPU002 | E70: LOCAÇÃO DE PAVIMENTAÇÃO | F70: M | G70: RETIRADO DA PLANILHA CALCULOS (GUIA) | M70: =CALCULOS!B291 -> 119.24
B72: 16 | E72: ='P.O.'!D72 -> CALÇAMENTO TRECHO 05 (PATIO UBS BAIRRO SÃO JUDAS TADEU)
B73: 16.1 | C73: PRÓPRIA | D73: CPU 004 | E73: ASSENTAMENTO DE GUIA (MEIO-FIO) EM TRECHO RETO, CONFECCIONADA EM CONCRETO PRÉ-FABRICADO, DIMENSÕES 80X10X10X30 CM (COMPRIMENTO X BASE INFERIOR X BASE SUPERIOR X ALTURA). | F73: M | G73: RETIRADO DA PLANILHA CALCULOS (GUIA) | M73: =CALCULOS!B291 -> 119.24
B74: 16.2 | C74: SINAPI | D74: 92404 | E74: EXECUÇÃO DE PAVIMENTO EM PISO INTERTRAVADO, COM BLOCO 16 FACES DE 22 X 11 CM, ESPESSURA 8 CM. AF_10/2022 | F74: M2 | G74: RETIRADO DA PLANILHA CALCULOS (INTERTRAVADO) | M74: =CALCULOS!B293 -> 547.77
B75: 16.3 | C75: SINAPI | D75: 93588 | E75: TRANSPORTE COM CAMINHÃO BASCULANTE DE 10 M³, EM VIA URBANA EM LEITO NATURAL (UNIDADE: M3XKM). AF_07/2020 | F75: M3XKM | G75: ((547,77*0,08)+(547,77*0,06)+(119,24*0,8*0,1*0,3))*10 = 795,50 M³XKM Volume de blocos intertravados + Volume de areia + volume de meio fio, multiplicado por 10 km (distância estipulada) | M75: =ROUND(((547.77*0.08)+(547.77*0.06)+(119.24*0.8*0.1*0.3))*10,2) -> 795.5
B77: 17 | E77: ='P.O.'!D77 -> LOCAÇÃO DE OBRA TRECHO 06 (BAIRRO ROSETA - T01)
B78: 17.1 | C78: PRÓPRIA | D78: CPU002 | E78: LOCAÇÃO DE PAVIMENTAÇÃO | F78: M | G78: RETIRADO DA PLANILHA CALCULOS (GUIA T01) | M78: =CALCULOS!B318 -> 654.87
B80: 18 | E80: ='P.O.'!D80 -> CALÇAMENTO TRECHO 06 (BAIRRO ROSETA - T01)
B81: 18.1 | C81: PRÓPRIA | D81: CPU 004 | E81: ASSENTAMENTO DE GUIA (MEIO-FIO) EM TRECHO RETO, CONFECCIONADA EM CONCRETO PRÉ-FABRICADO, DIMENSÕES 80X10X10X30 CM (COMPRIMENTO X BASE INFERIOR X BASE SUPERIOR X ALTURA). | F81: M | G81: RETIRADO DA PLANILHA CALCULOS (GUIA T01) | M81: =CALCULOS!B318 -> 654.87
B82: 18.2 | C82: SINAPI | D82: 92404 | E82: EXECUÇÃO DE PAVIMENTO EM PISO INTERTRAVADO, COM BLOCO 16 FACES DE 22 X 11 CM, ESPESSURA 8 CM. AF_10/2022 | F82: M2 | G82: RETIRADO DA PLANILHA CALCULOS (ÁREA T01) | M82: =CALCULOS!B316 -> 3268.35
B83: 18.3 | C83: SINAPI | D83: 93588 | E83: TRANSPORTE COM CAMINHÃO BASCULANTE DE 10 M³, EM VIA URBANA EM LEITO NATURAL (UNIDADE: M3XKM). AF_07/2020 | F83: M3XKM | G83: ((3268,35*0,08)+(3268,35*0,06)+(654,87*0,8*0,1*0,3))*10 = M³XKM Volume de blocos intertravados + Volume de areia + volume de meio fio, multiplicado por 10 km (distância estipulada) | M83: =((3268.35*0.08)+(3268.35*0.06)+(654.87*0.8*0.1*0.3))*10 -> 4732.8588
B85: 17 | E85: ='P.O.'!D85 -> LOCAÇÃO DE OBRA TRECHO 06 (BAIRRO ROSETA - T02)
B86: 17.1 | C86: PRÓPRIA | D86: CPU002 | E86: LOCAÇÃO DE PAVIMENTAÇÃO | F86: M | G86: RETIRADO DA PLANILHA CALCULOS (GUIA T02) | M86: =CALCULOS!B329 -> 577.79
B88: 18 | E88: ='P.O.'!D88 -> CALÇAMENTO TRECHO 06 (BAIRRO ROSETA - T02)
B89: 18.1 | C89: PRÓPRIA | D89: CPU 004 | E89: ASSENTAMENTO DE GUIA (MEIO-FIO) EM TRECHO RETO, CONFECCIONADA EM CONCRETO PRÉ-FABRICADO, DIMENSÕES 80X10X10X30 CM (COMPRIMENTO X BASE INFERIOR X BASE SUPERIOR X ALTURA). | F89: M | G89: RETIRADO DA PLANILHA CALCULOS (GUIA T02) | M89: =CALCULOS!B329 -> 577.79
B90: 18.2 | C90: SINAPI | D90: 92404 | E90: EXECUÇÃO DE PAVIMENTO EM PISO INTERTRAVADO, COM BLOCO 16 FACES DE 22 X 11 CM, ESPESSURA 8 CM. AF_10/2022 | F90: M2 | G90: RETIRADO DA PLANILHA CALCULOS (ÁREA T02) | M90: =CALCULOS!B327 -> 2838.95
B91: 18.3 | C91: SINAPI | D91: 93588 | E91: TRANSPORTE COM CAMINHÃO BASCULANTE DE 10 M³, EM VIA URBANA EM LEITO NATURAL (UNIDADE: M3XKM). AF_07/2020 | F91: M3XKM | G91: ((2838,95*0,08)+(2838,95*0,06)+(577,79*0,8*0,1*0,3))*10 = 4113,20 M³XKM Volume de blocos intertravados + Volume de areia + volume de meio fio, multiplicado por 10 km (distância estipulada) | M91: =((2838.95*0.08)+(2838.95*0.06)+(577.79*0.8*0.1*0.3))*10 -> 4113.1996
E99: Mateus Pedro da Silva
E100: Engenheiro Civil

Sheet CALCULOS
A1: PREFEITURA MUNICIPAL DE CAMBUÍ ESTADO DE MINAS GERAIS GESTÃO 2025 / 2028
A2: CÁLCULOS
A3: OBRA: | B3: ='P.O.'!D3 -> Pavimentação de vias públicas vicinais e urbanas.
A4: LOCAL: | B4: ='P.O.'!D4 -> Várias Localidades do Município de Cambuí - MG.
A5: ÁREA DE PAVIMENTAÇÃO: | B5: =B49+B133+B143+B204+B250+B283+B293+B316+B327 -> 13487.1 | C5: m²
A7: MORRO DO CRUZEIRO (T01 E T02)
A9: T 01 | B9: ÁREA (M²) | C9: COMPRIMENTO (M)
A10: (5,52+5,00)*1,79/2 | B10: =(5.52+5)*1.79/2 -> 9.4154 | C10: 1.79
A11: (14,02+14,06)*5/2 | B11: =(14.02+14.06)*5/2 -> 70.2 | C11: 14.04
A12: (5,12+5,33)*5/2 | B12: =(5.12+5.33)*5/2 -> 26.125 | C12: 5.23
A13: (4,57+4,81)*5/2 | B13: =(4.57+4.81)*5/2 -> 23.45 | C13: 4.69
A14: (4,94+5,27)*5/2 | B14: =(4.94+5.27)*5/2 -> 25.525 | C14: 5.11
A15: (5,15+5,32)*5/2 | B15: =(5.15+5.32)*5/2 -> 26.175 | C15: 5.24
A16: (5,60+6,06)*5/2 | B16: =(5.6+6.06)*5/2 -> 29.15 | C16: 5.83
A17: (6,13+5,07)*1,94/2 | B17: =(6.13+5.07)*1.94/2 -> 10.864 | C17: 1.94
A18: (3,84+3,14)*5/2 | B18: =(3.84+3.14)*5/2 -> 17.45 | C18: 3.51
A19: (7,27+7,49)*5/2 | B19: =(7.27+7.49)*5/2 -> 36.9 | C19: 7.38
A20: (7,58+7,36)*5/2 | B20: =(7.58+7.36)*5/2 -> 37.35 | C20: 7.47
A21: (7,70+7,44)*5/2 | B21: =(7.7+7.44)*5/2 -> 37.85 | C21: 7.57
A22: (3,85+3,75)*5/2 | B22: =(3.85+3.75)*5/2 -> 19 | C22: 3.81
A23: (4,40+4,55)*5/2 | B23: =(4.4+4.55)*5/2 -> 22.375 | C23: 4.5
A24: (3,55+3,84)*5/2 | B24: =(3.55+3.84)*5/2 -> 18.475 | C24: 3.69
A25: (4,05+4,33)*5/2 | B25: =(4.05+4.33)*5/2 -> 20.95 | C25: 4.19
A26: (6,89+7,17)*5/2 | B26: =(6.89+7.17)*5/2 -> 35.15 | C26: 7.03
A27: (5,23+5,49)*5/2 | B27: =(5.23+5.49)*5/2 -> 26.8 | C27: 5.36
A28: (3,54+3,71)*5/2 | B28: =(3.54+3.71)*5/2 -> 18.125 | C28: 3.62
A29: (4,98+5,10)*5/2 | B29: =(4.98+5.1)*5/2 -> 25.2 | C29: 5.04
A30: (3,66+1,89)*5/2 | B30: =(3.66+1.89)*5/2 -> 13.875 | C30: 3.69
A31: (1,89+2,02)*5/2 | B31: =(1.89+2.02)*5/2 -> 9.775 | C31: 1.95
A32: (3,95+4,05)*5/2 | B32: =(3.95+4.05)*5/2 -> 20 | C32: 4
A33: (9,08+9,14)*5/2 | B33: =(9.08+9.14)*5/2 -> 45.55 | C33: 9.1
A34: (1,37+1,40)*5/2 | B34: =(1.37+1.4)*5/2 -> 6.925 | C34: 1.39
A35: (7,37+7,34)*5/2 | B35: =(7.37+7.34)*5/2 -> 36.775 | C35: 7.36
A36: (6,36+6,29)*5/2 | B36: =(6.36+6.29)*5/2 -> 31.625 | C36: 6.33
A37: (3,48+3,26)*5/2 | B37: =(3.48+3.26)*5/2 -> 16.85 | C37: 3.37
A38: (2,43+2,22)*5/2 | B38: =(2.43+2.22)*5/2 -> 11.625 | C38: 2.33
A39: (7,36+7,02)*5/2 | B39: =(7.36+7.02)*5/2 -> 35.95 | C39: 7.19
A40: (2,94+2,44)*5/2 | B40: =(2.94+2.44)*5/2 -> 13.45 | C40: 2.69
A41: (5,00+4,94)*6,25/2 | B41: =(5+4.94)*6.25/2 -> 31.0625 | C41: 6.25
A42: (5,69+5,00)*3,44/2 | B42: =(5.69+5)*3.44/2 -> 18.3868 | C42: 3.44
A43: (6,77+6,68)*5/2 | B43: =(6.77+6.68)*5/2 -> 33.625 | C43: 6.73
A44: Subtotal | B44: =SUM(B10:B43) -> 862.0037 | C44: =SUM(C10:C43) -> 172.86
A46: GUIA TRECHO 01
A47: (1,94+14,02+5,12+4,57+4,94+5,15+5,60+1,94+2,05+3,84+7,27+7,58+7,70+3,85+4,40+3,55+4,05+6,89+5,23+3,54+4,98+3,66+1,89+3,95+9,08+1,37+7,37+6,36+3,48+2,43+7,36+2,94+6,27+3,50+6,77+6,68+3,44+6,22+2,44+7,02+2,22+3,26+6,29+7,34+1,40+9,14+4,05+2,02+3,73+5,10+3,71+5,49+7,17+4,33+3,84+4,55+3,75+7,44+7,36+7,49+3,14+2,04+6,06+5,32+5,27+4,81+5,33+14,06+1,69) | B47: =(1.94+14.02+5.12+4.57+4.94+5.15+5.6+1.94+2.05+3.84+7.27+7.58+7.7+3.85+4.4+3.55+4.05+6.89+5.23+3.54+4.98+3.66+1.89+3.95+9.08+1.37+7.37+6.36+3.48+2.43+7.36+2.94+6.27+3.5+6.77+6.68+3.44+6.22+2.44+7.02+2.22+3.26+6.29+7.34+1.4+9.14+4.05+2.02+3.73+5.1+3.71+5.49+7.17+4.33+3.84+4.55+3.75+7.44+7.36+7.49+3.14+2.04+6.06+5.32+5.27+4.81+5.33+14.06+1.69) -> 347.84 | C47: M
A49: ÁREA T01 | B49: =ROUND(B44,2) -> 862 | C49: M²
A50: COMPRIMENTO T01 | B50: =ROUND(C44,2) -> 172.86 | C50: M
A51: GUIA T01 | B51: =ROUND(B47,2) -> 347.84 | C51: M
A53: T 02 | B53: ÁREA (M²) | C53: COMPRIMENTO (M)
A54: (7,11+7,24)*5/2 | B54: =(7.11+7.24)*5/2 -> 35.875 | C54: 7.21
A55: (3,57+3,63)*5/2 | B55: =(3.57+3.63)*5/2 -> 18 | C55: 3.57
A56: (7,61+7,73)*5/2 | B56: =(7.61+7.73)*5/2 -> 38.35 | C56: 7.67
A57: (8,77+8,72)*5/2 | B57: =(8.77+8.72)*5/2 -> 43.725 | C57: 8.74
A58: (5,89+5,00)*4,41/2 | B58: =(5.89+5)*4.41/2 -> 24.01245 | C58: 4.41
A59: (3,10+3,25)*5/2 | B59: =(3.1+3.25)*5/2 -> 15.875 | C59: 3.17
A60: (6,37+6,50)*5/2 | B60: =(6.37+6.5)*5/2 -> 32.175 | C60: 6.44
A61: (4,26+5,51)*5/2 | B61: =(4.26+5.51)*5/2 -> 24.425 | C61: 4.39
A62: (5,76+6,00)*5/2 | B62: =(5.76+6)*5/2 -> 29.4 | C62: 5.88
A63: (4,76+5,00)*5/2 | B63: =(4.76+5)*5/2 -> 24.4 | C63: 4.88
A64: (1,35+1,53)*5/2 | B64: =(1.35+1.53)*5/2 -> 7.2 | C64: 1.44
A65: (4,42+4,76)*5/2 | B65: =(4.42+4.76)*5/2 -> 22.95 | C65: 4.58
A66: (4,47+4,83)*5/2 | B66: =(4.47+4.83)*5/2 -> 23.25 | C66: 4.65
A67: (5,61+5,81)*5/2 | B67: =(5.61+5.81)*5/2 -> 28.55 | C67: 5.71
A68: (1,59+1,93)*5/2 | B68: =(1.59+1.93)*5/2 -> 8.8 | C68: 1.76
A69: (2,09+2,65)*5/2 | B69: =(2.09+2.65)*5/2 -> 11.85 | C69: 2.37
A70: (3,61+4,19)*5/2 | B70: =(3.61+4.19)*5/2 -> 19.5 | C70: 3.9
A71: (1,47+1,88)*5/2 | B71: =(1.47+1.88)*5/2 -> 8.375 | C71: 1.67
A72: (5,58+5,93)*5/2 | B72: =(5.58+5.93)*5/2 -> 28.775 | C72: 5.62
A73: (7,56+7,69)*5/2 | B73: =(7.56+7.69)*5/2 -> 38.125 | C73: 7.63
A74: (6,79+6,28)*5/2 | B74: =(6.79+6.28)*5/2 -> 32.675 | C74: 6.54
A75: (8,16+7,37)*5/2 | B75: =(8.16+7.37)*5/2 -> 38.825 | C75: 7.77
A76: (4,52+4,47)*5/2 | B76: =(4.52+4.47)*5/2 -> 22.475 | C76: 4.49
A77: (5,38+6,40)*5/2 | B77: =(5.38+6.4)*5/2 -> 29.45 | C77: 5.88
A78: (3,75+4,24)*5/2 | B78: =(3.75+4.24)*5/2 -> 19.975 | C78: 4
A79: (6,19+5,76)*5/2 | B79: =(6.19+5.76)*5/2 -> 29.875 | C79: 5.98
A80: (7,08+5,75)*5/2 | B80: =(7.08+5.75)*5/2 -> 32.075 | C80: 6.41
A81: (3,86+2,21)*5,18/2 | B81: =(3.86+2.21)*5.18/2 -> 15.7213 | C81: 3.06
A82: (5,85*1,74)/2 | B82: =(5.85*1.74)/2 -> 5.0895 | C82: 2.24
A83: (6,00*2,38)/2 | B83: =(6*2.38)/2 -> 7.14
A84: (6,10*1,07)/2 | B84: =(6.1*1.07)/2 -> 3.2635 | C84: 0.64
A85: (2,21+0,20)*6/2 | B85: =(2.21+0.2)*6/2 -> 7.23 | C85: 1.37
A86: (4,45+2,93)*6/2 | B86: =(4.45+2.93)*6/2 -> 22.14 | C86: 3.81
A87: (6,16*1,84)/2 | B87: =(6.16*1.84)/2 -> 5.6672 | C87: 2.41
A88: (6,16*2,35)/2 | B88: =(6.16*2.35)/2 -> 7.238
A89: (0,53+2,00)*5/2 | B89: =(0.53+2)*5/2 -> 6.325 | C89: 1.26
A90: (9,97+10,73)*5/2 | B90: =(9.97+10.73)*5/2 -> 51.75 | C90: 10.35
A91: (3,85+4,31)*5/2 | B91: =(3.85+4.31)*5/2 -> 20.4 | C91: 4.08
A92: (4,24+4,69)*5/2 | B92: =(4.24+4.69)*5/2 -> 22.325 | C92: 4.46
A93: (5,70+5,66)*5/2 | B93: =(5.7+5.66)*5/2 -> 28.4 | C93: 5.68
A94: (4,91+4,81)*5/2 | B94: =(4.91+4.81)*5/2 -> 24.3 | C94: 4.86
A95: (3,12+2,08)*5/2 | B95: =(3.12+2.08)*5/2 -> 13 | C95: 2.6
A96: (6,76*2,97)/2 | B96: =(6.76*2.97)/2 -> 10.0386 | C96: 4.79
A97: (6,76*4,76)/2 | B97: =(6.76*4.76)/2 -> 16.0888
A98: (6,46*2,91)/2 | B98: =(6.46*2.91)/2 -> 9.3993 | C98: 3.59
A99: (6,46*3,69)/2 | B99: =(6.46*3.69)/2 -> 11.9187
A100: (3,43+1,11)*5,9/2 | B100: =(3.43+1.11)*5.9/2 -> 13.393 | C100: 2.27
A101: (3,53+2,05)*5,9/2 | B101: =(3.53+2.05)*5.9/2 -> 16.461 | C101: 2.79
A102: (2,30+1,13)*5,9/2 | B102: =(2.3+1.13)*5.9/2 -> 10.1185 | C102: 1.72
A103: (2,75+0,95)*5,9/2 | B103: =(2.75+0.95)*5.9/2 -> 10.915 | C103: 1.85
A104: (5,50+2,47)*5,9/2 | B104: =(5.5+2.47)*5.9/2 -> 23.5115 | C104: 3.98
A105: (8,34*3,09)/2 | B105: =(8.34*3.09)/2 -> 12.8853 | C105: 6.55
...
